 Dungeon Crawl Stone Soup version 0.32-a0-433-g08bcfe7efd (webtiles) character file.

Game seed: 15082624870966711935

3 backslashecho the Caller (level 1, -1/15 HPs)
             Began as a Mountain Dwarf Summoner on Feb 23, 2024.
             Slain by a quokka (3 damage)
             ... on level 1 of the Dungeon.
             The game lasted 00:01:08 (171 turns).

backslashecho the Caller (Mountain Dwarf Summoner)   Turns: 171, Time: 00:01:09

Health: -1/15      AC:  2    Str: 10    XL:     1   Next: 41%
Magic:  2/3        EV: 11    Int: 15    God:
Gold:   46         SH:  0    Dex: 10    Spells: 2/3 levels left

rFire   . . .        (no weapon)
rCold   . . .        (no shield)
rNeg    . . .        a - +0 robe
rPois   .            (no helmet)
rElec   .            (no cloak)
rCorr   .            (no gloves)
SInv    .            (no boots)
Will    .....        (no amulet)
Stlth   ++           (no ring)
HPRegen 0.22/turn    (no ring)
MPRegen 0.08/turn

%: no passive effects
@: no status effects
A: runic magic, artefact enchanting
a: no special abilities


You were on level 1 of the Dungeon.
You visited 1 branch of the dungeon, and saw 1 of its levels.

You collected 46 gold pieces.

Inventory:

Armour
 a - a +0 robe (worn)
Potions
 b - a potion of magic
 c - a potion of ambrosia {unknown}


   Skills:
 + Level 0.3 Fighting
 - Level 1.3 Dodging
 - Level 1.4 Stealth
 * Level 0.6 Unarmed Combat
 - Level 1.7 Spellcasting
 - Level 4.0 Summonings


You had 2 spell levels left.
You knew the following spells:

 Your Spells              Type           Power      Damage    Failure   Level
a - Summon Small Mammal   Summ           52%        N/A       4%          1

Your spell library contained the following spells:

 Spells                   Type           Power      Damage    Failure   Level
 Call Imp                 Summ           26%        N/A       7%          2
 Call Canine Familiar     Summ           13%        N/A       13%         3
 Summon Blazeheart Golem  Fire/Summ      7%         N/A       69%         4
 Summon Lightning Spire   Summ/Air       7%         N/A       69%         4


Dungeon Overview and Level Annotations

Branches:
Dungeon (1/15)

Altars:


Innate Abilities, Weirdness & Mutations

Your spellcasting is much less encumbered by armour.
You can use scrolls of enchantment on lesser artefacts.


Message History

You hit the giant cockroach.
You kill the giant cockroach!
Your bat disappears in a puff of smoke!
No target in view!
Your bat disappears in a puff of smoke!
No target in view!
HP restored.
Found a stone staircase leading down.
Health restored: 15 You now have 11 gold pieces.
You now have 17 gold pieces (gained 6).
c - a bubbling ruby potion You now have 36 gold pieces (gained 19).
Found a stone staircase leading down.
Found a leather armour.
No target in view!
A quokka comes into view.
A quokka is nearby!
A quokka is nearby!
You see here 10 gold pieces.
You now have 46 gold pieces (gained 10).
You barely miss the quokka. The quokka closely misses you.
You barely miss the quokka. The quokka bites you.
You take 3 damage, and have 12/15 hp.
You hit the quokka.
The quokka is lightly wounded.
The quokka bites you.
You take 2 damage, and have 10/15 hp.
You hit the quokka.
The quokka is heavily wounded.
The quokka bites you.
You take 4 damage, and have 6/15 hp.
MASSIVE DAMAGE!!
You closely miss the quokka.
The quokka is heavily wounded.
The quokka bites you. x2
* * * LOW HITPOINT WARNING * * *
You take 4 damage, and have 2/15 hp.
MASSIVE DAMAGE!!
Casting: Summon Small Mammal (safe; 4% risk of failure)
Confirm with . or Enter, or press ? or * to list all spells.
The quokka closely misses you.
You now have 2/3 mp.
The quokka attacks as it pursues you! The quokka bites you.
* * * LOW HITPOINT WARNING * * *
You closely miss the quokka.
The quokka is heavily wounded.
The quokka closely misses you.
Your quokka barely misses the quokka.
You barely miss the quokka.
The quokka is heavily wounded.
The quokka bites you.
You die...

#.## ## #.#.... ##
#.#...### .##### #.#
....#
.....######.###.#.#
####.........>..#.#
########.......#######
#.....#r.......
#...#.@r.####.#
#...#.#..# ..[#.#.#..#
#...##......# ....#
###.##.# .##. #.# .. #
..# ### ###


You could see a quokka (ally target) and a friendly quokka (summoned).

Vanquished Creatures
  A giant cockroach (D:1)
  A hobgoblin (D:1)
  A rat (D:1)
3 creatures vanquished.

Notes
Turn   | Place    | Note
-------+----------+-------------------------------------------
     0 | D:1      | backslashecho the Mountain Dwarf Summoner began the quest
                  | for the Orb.
     0 | D:1      | Reached XP level 1. HP: 14/14 MP: 3/3
   171 | D:1      | Slain by a quokka

Illustrated notes

Levels and vault maps discovered:
D:1:      lightli_molten_gateway, layout_basic

Action                     || total
---------------------------++-------
  Melee: Unarmed           ||    26
   Cast: Summon Small Mamm ||     3
 Armour: Robe              ||    17
  Dodge: Dodged            ||    13

Table legend: (Time is in decaauts)
 A = Elapsed time spent in this place.
 B = Non-inter-level travel time spent in this place.
 C = Inter-level travel time spent in this place.
 D = Time resting spent in this place.
 E = Time spent auto-exploring this place.
 F = Levels seen in this place.
 G = Mean time per level.
                   A        B        C        D        E       F      G
               +--------+--------+--------+--------+--------+-----+--------+
         Total |    170 |    170 |      0 |      0 |    124 |   1 |  170.0 |
       Dungeon |    170 |    170 |      0 |      0 |    124 |   1 |  170.0 |
               +--------+--------+--------+--------+--------+-----+--------+

Top non-repeatable levels by time:
     D:1: 170 daAuts
